Map: Altitude LE

Players

xddddd - Winner!

  • Race: Terran Terran
  • Spawn Location: 7:00

Olegator

  • Race: Terran Terran
  • Spawn Location: 1:00

VOD

Have the link to the VOD?

Description

ignore this

Time

  • Played on: Sept. 18, 2023, 12:09 a.m.
  • Length: 3:54
Show
View Real Time Build Order
Export as new Build Order

xddddd Terran - Winner!

Build Orders:  

Get SALT Encoding   

  12  0:00  SCV  
  13  0:14  Supply Depot  
  13  0:21  SCV  
  14  0:41  Barracks  
  14  0:45  Barracks  
  14  0:49  SCV  
  15  0:57  Refinery  
  15  1:19  SCV  
  15  1:20  Refinery  
  16  1:28  Supply Depot  
  16  1:32  SCV  
  17  1:37  Supply Depot  
  17  1:42  Reaper  
  18  1:50  Reaper  
  19  2:14  Marine  
  20  2:22  Marine  
  21  2:32  Marine  
  22  2:40  Reaper  
  23  2:50  Marine  
  24  3:12  Marine  
Show
View Real Time Build Order
Export as new Build Order

Olegator Terran 

Build Orders:  

Get SALT Encoding   

  12  0:00  SCV  
  13  0:12  SCV  
  14  0:22  Supply Depot  
  14  0:24  SCV  
  15  0:31  Refinery  
  15  0:46  Barracks  
  15  0:53  Supply Depot  
  15  0:57  SCV  
  16  1:09  SCV  
  17  1:14  Refinery  
  17  1:21  SCV  
  18  1:33  Marine  
  18  1:34  SCV  
  20  1:44  Factory  
  20  1:46  SCV  
  21  1:51  Marine  
  22  1:58  SCV  
  23  2:10  SCV  
  24  2:22  SCV  
  25  2:31  Supply Depot  
  25  2:34  SCV  
  25  2:35  Factory Tech Lab  
  26  2:50  Starport  
  25  2:57  Siege Tank  
  28  3:06  Reaper  
Tags
 
Matchup
TvT
Race
Terran
Spawn Locations
Cross Positions
Add a new tag
Caveats
  • Supply blocks, unpowered buildings, or Contaminate may cause inaccurate times.
  • Supply counts are checked every 10 seconds.